 Dungeon Crawl Stone Soup version 0.27-a0-1555-g0e7b3fb1d2 (webtiles) character file.

Game seed: 18166959151721654540

195 Spaninq the Grasshopper (level 5, 0/41 (43) HPs)
             Began as a Gnoll Warper on July 14, 2021.
             Slain by an orc wizard (1 damage)
             ... on level 3 of the Dungeon.
             The game lasted 00:09:13 (3554 turns).

Spaninq the Grasshopper (Gnoll Warper)              Turns: 3554, Time: 00:09:19

HP:   0/41 (43)     AC: 10    Str: 11    XL:     5   Next: 74%
MP:   12/12         EV: 10    Int: 13    God:
Gold: 110           SH:  0    Dex: 11    Spells: 14/14 levels left

rFire    . . .     SeeInvis .   q - +1 trident (venom)
rCold    . . .     Faith    .   (no shield)
rNeg     . . .     Spirit   .   o - +0 chain mail
rPois    .         Reflect  .   b - +0 helmet
rElec    .         Harm     .   (no cloak)
rCorr    .         Rampage  .   (no gloves)
Will     +....                  (no boots)
Stlth    ..........             (no amulet)
HPRegen  0.13/turn              k - +4 ring of evasion
MPRegen  0.13/turn              m - ring of willpower

@: lightly drained
A: fangs 1, strong nose, distributed training
a: no special abilities


You were on level 3 of the Dungeon.
You visited 1 branch of the dungeon, and saw 3 of its levels.

You collected 110 gold pieces.

Inventory:

Hand Weapons
 a - a +0 hand axe
 g - a +0 spear
 h - a +0 hunting sling
 q - a +1 trident of venom (weapon)
Missiles
 d - 5 boomerangs of dispersal (quivered)
 i - 87 stones
Armour
 b - a +0 helmet (worn)
 o - a +0 chain mail (worn)
 p - a +0 kite shield
Jewellery
 k - a +4 ring of evasion (left hand)
 m - a ring of willpower (right hand)
Wands
 r - a wand of digging (5)
Scrolls
 c - a scroll of blinking
 e - 3 scrolls of identify {unknown}
 l - a scroll of enchant armour {unknown}
Potions
 f - 2 potions of lignification {unknown}
 j - a potion of magic {unknown}
 n - a potion of brilliance {unknown}


   Skills:
 + Level 4.8 Fighting
 + Level 1.6 Short Blades
 + Level 1.6 Long Blades
 + Level 4.8 Axes
 + Level 1.6 Maces & Flails
 + Level 1.6 Polearms
 + Level 1.6 Staves
 + Level 1.6 Slings
 + Level 1.6 Bows
 + Level 1.6 Crossbows
 + Level 3.0 Throwing
 + Level 3.0 Armour
 + Level 4.8 Dodging
 + Level 1.6 Stealth
 + Level 1.6 Shields
 + Level 1.6 Unarmed Combat
 + Level 5.2 Spellcasting
 + Level 1.3 Conjurations
 + Level 1.3 Hexes
 + Level 1.3 Summonings
 + Level 1.3 Necromancy
 + Level 5.6 Translocations
 + Level 1.3 Transmutations
 + Level 1.3 Fire Magic
 + Level 1.3 Ice Magic
 + Level 1.3 Air Magic
 + Level 1.3 Earth Magic
 + Level 1.3 Poison Magic
 + Level 1.8 Invocations
 + Level 1.6 Evocations


You had 14 spell levels left.
You didn't know any spells.
Your spell library contained the following spells:

 Spells                   Type           Power      Damage    Failure   Level
 Blink                    Tloc           N/A        N/A       80%         2
 Gell's Gravitas          Tloc           8%         N/A       95%         3
 Lesser Beckoning         Tloc           8%         N/A       95%         3
 Teleport Other           Tloc           17%        N/A       95%         3
 Magic Dart               Conj           24%        1d4       99%         1
 Searing Ray              Conj           12%        3d3       100%        2
 Fulminant Prism          Conj/Hex       3%         3d6       100%        4
 Manifold Assault         Tloc           17%        N/A       100%        5


Dungeon Overview and Level Annotations

Branches:
Dungeon (3/15)

Altars:
Hepliaklqana


Innate Abilities, Weirdness & Mutations

You have very sharp teeth.
Your uncanny sense of smell can sniff out nearby items.
Your experience applies equally to all skills.


Message History

The jackal bites you but does no damage.
You hit the jackal.
The jackal is poisoned.
The jackal is heavily wounded.
The jackal closely misses you.
You hit the jackal.
You kill the jackal!
You hit the orc.
The orc is almost dead.
The orc priest miscasts a cantrip.
The orc hits you with a +0 dagger.
You hit the orc.
You kill the orc!
A magic dart appears from out of thin air!
The magic dart hits something.
You hit something. Something hits you.
You feel drained. Something hits you.
You feel drained.
You barely miss something. Something hits you but does no damage.
You feel drained.
You closely miss something. Something hits you but does no damage.
You feel drained.
You puncture something!
Reactivating autopickup.
You feel a bit more experienced.
The orc priest looks satisfied for a moment.
The jackal barely misses you.
You puncture the jackal!
You kill the jackal!
Deactivating autopickup; reactivate with Ctrl-A.
You closely miss something. Something hits you but does no damage.
The orc priest invokes the aid of Beogh against you.
Beogh smites you!
* * * LOW HITPOINT WARNING * * *
You miss something.
You hear some strange, mumbled words.
A puff of flame appears from out of thin air!
The puff of flame hits you.
* * * LOW HITPOINT WARNING * * *
The orc priest miscasts a cantrip.
Something hits you.
You die...

#.... #≈≈≈#..†#
#≈≈≈##..# #≈≈≈##..#
#≈.≈##..# #≈≈≈#...#
#≈≈≈##o## #≈†≈##{# #
#≈†≈##@########## #
#...#.......#...# #
##.##.......#._.# #
#.†....†...#.§.# #
##.....#####.§§#######
#.....#.....§§§§§§§§§
####.....#._...#§§§§§§§§
#........#.....§§§§§§§§§
#........#####.§§#######


You could see an orc priest.

Vanquished Creatures
  A scorpion (D:3)
  An orc wizard (D:3)
  4 adders
  2 worms
  A dart slug (D:1)
  3 orcs (D:3)
  5 bats
  3 endoplasms
  3 giant cockroaches
  12 goblins
  A hobgoblin (D:1)
  9 jackals
  5 kobolds
  5 quokkas
  6 ball pythons
  5 frilled lizards
  5 rats
71 creatures vanquished.

Notes
Turn   | Place    | Note
-------+----------+-------------------------------------------
     0 | D:1      | Spaninq the Gnoll Warper began the quest for the Orb.
     0 | D:1      | Reached XP level 1. HP: 20/20 MP: 6/6
   388 | D:1      | Reached XP level 2. HP: 20/26 MP: 7/7
   517 | D:1      | Found a faded altar of an unknown god.
  1018 | D:1      | Reached XP level 3. HP: 31/31 MP: 9/9
  1073 | D:1      | Reached skill level 5 in Spellcasting
  1703 | D:2      | Reached skill level 1 in Invocations
  1887 | D:2      | Reached skill level 1 in Short Blades
  1887 | D:2      | Reached skill level 1 in Long Blades
  1887 | D:2      | Reached skill level 1 in Maces & Flails
  1887 | D:2      | Reached skill level 1 in Polearms
  1887 | D:2      | Reached skill level 1 in Staves
  1887 | D:2      | Reached skill level 1 in Slings
  1887 | D:2      | Reached skill level 1 in Bows
  1887 | D:2      | Reached skill level 1 in Crossbows
  1887 | D:2      | Reached skill level 1 in Stealth
  1887 | D:2      | Reached skill level 1 in Shields
  1887 | D:2      | Reached skill level 1 in Unarmed Combat
  1887 | D:2      | Reached skill level 1 in Evocations
  2100 | D:2      | Reached XP level 4. HP: 35/38 MP: 11/11
  2661 | D:3      | Found a hazy altar of Hepliaklqana.
  2662 | D:3      | Found a faded altar of an unknown god.
  2976 | D:3      | Noticed a scorpion
  2984 | D:3      | Killed a scorpion
  2985 | D:3      | Reached skill level 1 in Conjurations
  2985 | D:3      | Reached skill level 1 in Hexes
  2985 | D:3      | Reached skill level 1 in Summonings
  2985 | D:3      | Reached skill level 1 in Necromancy
  2985 | D:3      | Reached skill level 1 in Transmutations
  2985 | D:3      | Reached skill level 1 in Fire Magic
  2985 | D:3      | Reached skill level 1 in Ice Magic
  2985 | D:3      | Reached skill level 1 in Air Magic
  2985 | D:3      | Reached skill level 1 in Earth Magic
  2985 | D:3      | Reached skill level 1 in Poison Magic
  2985 | D:3      | Reached XP level 5. HP: 42/43 MP: 12/12
  3554 | D:3      | HP: 1/41 [something/puff of flame (4)]
  3554 | D:3      | Slain by an orc wizard

Illustrated notes

Levels and vault maps discovered:
D:1:      minmay_arrival_split_and_join, layout_rooms,
          hellmonk_ecumenical_altar_heavens_door
D:2:      layout_basic
D:3:      layout_basic, beargit_hepliaklqana_dungeon_heroes,
          portal_sewer_entry_f, serial_glass, glass_columns_b, glass_columns_b

Skill      XL: |  1  2  3  4  5 |
---------------+----------------+-----
Spellcasting   | 5 |  5.2
Invocations    | 1 |  1.8
Short Blades   | 1 |  1.6
Long Blades    | 1 |  1.6
Maces & Flails | 1 |  1.6
Polearms       | 1 |  1.6
Staves         | 1 |  1.6
Slings         | 1 |  1.6
Bows           | 1 |  1.6
Crossbows      | 1 |  1.6
Stealth        | 1 |  1.6
Shields        | 1 |  1.6
Unarmed Combat | 1 |  1.6
Evocations     | 1 |  1.6
Conjurations   | 1 |  1.3
Hexes          | 1 |  1.3
Summonings     | 1 |  1.3
Necromancy     | 1 |  1.3
Transmutations | 1 |  1.3
Fire Magic     | 1 |  1.3
Ice Magic      | 1 |  1.3
Air Magic      | 1 |  1.3
Earth Magic    | 1 |  1.3
Poison Magic   | 1 |  1.3
Throwing       | 3 |  3.0
Armour         | 3 |  3.0
Fighting       | |  4.8
Axes           | |  4.8
Dodging        | |  4.8
Translocations | |  5.6

Action                   |  1- 3 |  4- 6 || total
-------------------------+-------+-------++-------
Melee: Hand axe          |   165 |    55 ||   220
       Bite              |     7 |     2 ||     9
       Trident           |       |    56 ||    56
       Punch             |       |     1 ||     1
Armor: Leather armour    |    28 |       ||    28
       Ring mail         |    15 |    13 ||    28
       Chain mail        |       |    18 ||    18
Dodge: Dodged            |   112 |    50 ||   162

Table legend: (Time is in decaauts)
 A = Elapsed time spent in this place.
 B = Non-inter-level travel time spent in this place.
 C = Inter-level travel time spent in this place.
 D = Time resting spent in this place.
 E = Time spent auto-exploring this place.
 F = Levels seen in this place.
 G = Mean time per level.
                   A        B        C        D        E       F      G
               +--------+--------+--------+--------+--------+-----+--------+
         Total |   3581 |   3480 |    101 |    389 |   2374 |   3 | 1193.7 |
       Dungeon |   3581 |   3480 |    101 |    389 |   2374 |   3 | 1193.7 |
               +--------+--------+--------+--------+--------+-----+--------+

Top non-repeatable levels by time:
     D:1: 1623 daAuts
     D:2: 1041 daAuts
     D:3: 915 daAuts
